 Dungeon Crawl Stone Soup version 0.19-a0-465-g1d1674b (webtiles) character file.

10 ololoev the Magician (level 2, 0/15 HPs)
             Began as a Deep Elf Fire Elementalist on June 3, 2016.
             Slain by an adder (4 damage)
             ... on level 2 of the Dungeon.
             The game lasted 00:01:15 (88 turns).

ololoev the Magician (Deep Elf Fire Elementalist)     Turns: 88, Time: 00:01:16

Health: 0/15       AC:  2    Str:  5    XL:     2   Next: 10%
Magic:  0/8        EV: 13    Int: 19    God:
Gold:   8          SH:  0    Dex: 15    Spells: 1 memorised, 7 levels left

rFire  . . .     SeeInvis .     (no weapon)
rCold  . . .     Gourm    .     a - +0 robe
rNeg   . . .     Faith    .     (no shield)
rPois  .         Spirit   .     (no helmet)
rElec  .         Dismiss  .     (no cloak)
rCorr  .         Reflect  .     (no gloves)
SustAt .         Harm     .     (no boots)
MR     .....                    (no amulet)
Stlth  ++........               (no ring)
                                (no ring)

@: not resistant to hostile enchantments, unstealthy
A: no striking features
a: no special abilities

Inventory:

Armour
 a - a +0 robe (worn)
Scrolls
 d - a scroll of magic mapping {unknown}
 f - a scroll of identify {unknown}
Potions
 e - a potion of curing {unknown}
Books
 b - a book of Flames

   Spells                             Type                      Level
   a - Flame Tongue                   Conjuration/Fire             1
   b - Throw Flame                    Conjuration/Fire             2
   c - Conjure Flame                  Conjuration/Fire             3
   d - Inner Flame                    Hexes/Fire                   3
   e - Sticky Flame                   Conjuration/Fire             4
   f - Fireball                       Conjuration/Fire             5
Comestibles
 c - a bread ration


   Skills:
 - Level 2.4 Dodging
 - Level 2.4 Stealth
 + Level 3.5 Spellcasting
 * Level 1.8 Conjurations
 + Level 3.3 Fire Magic


You had 7 spell levels left.
You knew the following spells:

 Your Spells              Type           Power        Failure   Level  Hunger
a - Flame Tongue          Conj/Fire      ##...        8%          1    None


You were on level 2 of the Dungeon.
You were not hungry.

You visited 1 branch of the dungeon, and saw 2 of its levels.

You collected 8 gold pieces.

#. .# #.#.# ....#
#..(# ### #...#
#.. ...###### #.#
#..#....#
#.#####..#S##.#
#.#......#.@#.#
#.....#.###.#.#
#.............# #
#...........###
#.####.....#######
#....#........
#......####
#......+ #......#

Notes
Turn   | Place    | Note
--------------------------------------------------------------
     0 | D:1      | ololoev the Deep Elf Fire Elementalist began the quest for the Orb.
     0 | D:1      | Reached XP level 1. HP: 10/10 MP: 6/6
    78 | D:2      | Reached XP level 2. HP: 3/15 MP: 0/8
    88 | D:2      | Slain by an adder

Dungeon Overview and Level Annotations

Branches:
Dungeon (2/15)

Altars:


Message History

Press: ? - help, Shift-Dir - straight line, f/p - ooze
Aim: an ooze (heavily wounded)
The flame tongue hits the ooze.
The ooze is severely wounded.
The ooze closely misses you.
Casting: Flame Tongue
Confirm with . or Enter, or press ? or * to list all spells.
Aiming: Flame Tongue
Press: ? - help, Shift-Dir - straight line, f/p - ooze
Aim: an ooze (severely wounded)
You miscast Flame Tongue.
You are very lightly contaminated with residual magic.
Nothing appears to happen.
The ooze hits you.
Casting: Flame Tongue
Confirm with . or Enter, or press ? or * to list all spells.
Aiming: Flame Tongue
Press: ? - help, Shift-Dir - straight line, f/p - ooze
Aim: an ooze (severely wounded)
The flame tongue hits the ooze.
You kill the ooze!
You closely miss the rat. The rat barely misses you.
You hit the rat but do no damage. The rat barely misses you.
You hit the rat.
The rat is moderately wounded.
The rat bites you but does no damage.
You hit the rat.
The rat is severely wounded.
The rat bites you but does no damage.
Casting: Flame Tongue
Confirm with . or Enter, or press ? or * to list all spells.
Aiming: Flame Tongue
Press: ? - help, Shift-Dir - straight line, f - rat
Aim: a rat (severely wounded)
The flame tongue hits the rat.
You kill the rat!
You see here a rat corpse.
Found a cyan potion.
Found a scroll labeled RAKLUEBAGE.
e - a cyan potion A hobgoblin comes into view.
It is wielding a club.
Your magical contamination has completely faded away.
f - a scroll labeled RAKLUEBAGE An ooze comes into view.
Found 25 stones.
The ooze quivers.
Casting: Flame Tongue
Confirm with . or Enter, or press ? or * to list all spells.
Aiming: Flame Tongue
Press: ? - help, Shift-Dir - straight line, f - ooze
Aim: an ooze The flame tongue hits the ooze.
The ooze is moderately wounded.
Casting: Flame Tongue
Confirm with . or Enter, or press ? or * to list all spells.
Aiming: Flame Tongue
Press: ? - help, Shift-Dir - straight line, f/p - ooze
Aim: an ooze (moderately wounded)
The flame tongue hits the ooze.
The ooze is severely wounded.
Casting: Flame Tongue
Confirm with . or Enter, or press ? or * to list all spells.
Aiming: Flame Tongue
Press: ? - help, Shift-Dir - straight line, f/p - ooze
Aim: an ooze (severely wounded)
The flame tongue hits the ooze.
You kill the ooze!
You have reached level 2!
Found 6 gold pieces.
An adder comes into view.
You see here 6 gold pieces.
The adder barely misses you.
Casting: Flame Tongue
Confirm with . or Enter, or press ? or * to list all spells.
Aiming: Flame Tongue
Press: ? - help, Shift-Dir - straight line, f - adder
Aim: an adder The flame tongue hits the adder.
The adder is moderately wounded.
The adder bites you.
You die...

You could see an adder.

Vanquished Creatures
  2 oozes (D:2)
  A rat (D:2)
3 creatures vanquished.

Action                   || total
-------------------------++-------
Melee: Unarmed           ||     4
 Cast: Flame Tongue      ||    10
Armor: Robe              ||     3
Dodge: Dodged            ||     6

Vault maps used:
D:1:      matt_arrival_refuge
D:2:      serial_undead, serial_undead_c, serial_undead_e, serial_undead_e,
          serial_undead_b, kennysheep_generic_room_4
